Map: Dusty Gorge

Players

shmoz

  • Race: Terran Terran
  • Spawn Location: 9:00

Bangra

  • Race: Zerg Zerg
  • Spawn Location: 11:00

PureLegacy - Winner!

  • Race: Terran Terran
  • Spawn Location: 5:00

Chill - Winner!

  • Race: Terran Terran
  • Spawn Location: 3:00

VOD

Have the link to the VOD?

Description

Time

  • Played on: Dec. 3, 2018, 9:17 a.m.
  • Length: 8:43
Show
View Real Time Build Order
Export as new Build Order

shmoz Terran 

Build Orders: Hellion Opening 

Get SALT Encoding   

  12  0:01  SCV  
  13  0:13  SCV  
  14  0:20  Supply Depot  
  14  0:25  SCV  
  15  0:30  Refinery  
  15  0:43  Barracks  
  15  0:46  SCV  
  16  0:55  Refinery  
  16  0:58  SCV  
  17  1:10  SCV  
  18  1:23  SCV  
  19  1:31  Supply Depot  
  19  1:37  Factory  
  19  1:52  Factory  
  19  2:05  Barracks Reactor  
  19  2:07  Orbital Command  
  19  2:19  Supply Depot  
  21  2:23  Hellion  
  20  2:37  Hellion  
  21  2:59  Hellion  
  21  3:06  Hellion x2  
  18  3:20  Hellion  
  16  3:34  Hellion  
  18  3:44  Hellion  
  20  4:01  Hellion x2  
  24  4:04  SCV  
  25  4:20  Hellion  
  25  4:22  Hellion  
  23  4:36  Hellion  
  23  4:42  Hellion  
  23  4:43  Hellion  
  25  5:13  Engineering Bay, SCV  
  20  5:15  Hellion x2  
  22  5:25  SCV  
  21  5:37  SCV  
  21  5:40  Factory Tech Lab  
  22  5:43  Missile Turret  
  22  5:49  SCV  
  23  6:01  SCV  
  24  6:05  Missile Turret  
  24  6:12  Command Center  
  24  6:13  SCV  
  24  6:16  Hellion  
  26  6:20  Widow Mine  
  29  6:25  SCV  
  29  6:37  SCV  
  30  6:42  Widow Mine  
  30  6:46  Widow Mine  
  28  7:01  SCV  
  28  7:04  Hellion  
  27  7:20  Missile Turret  
  24  7:24  Marine  
  23  7:39  Orbital Command  
  21  7:54  Missile Turret  
  7  8:13  Orbital Command  
  7  8:15  Widow Mine  
Show
View Real Time Build Order
Export as new Build Order

Bangra Zerg 

Build Orders: Hatch First 

Get SALT Encoding   

  12  0:03  Drone  
  13  0:13  Overlord  
  13  0:18  Drone  
  14  0:31  Drone x2  
  16  0:35  Drone  
  17  0:58  Drone, Hatchery  
  17  1:01  Extractor  
  16  1:05  Drone  
  17  1:20  Drone, Spawning Pool  
  17  1:24  Drone  
  18  1:35  Drone  
  19  1:41  Drone  
  20  2:06  Queen  
  20  2:07  Metabolic Boost  
  22  2:10  Queen  
  22  2:11  Zergling x4  
  22  2:15  Overlord  
  26  2:26  Baneling Nest  
  26  2:29  Overlord  
  25  2:39  Zergling x2  
  25  2:40  Zergling x4  
  28  2:56  Zergling x2  
  28  2:57  Zergling x8  
  33  3:08  Zergling x4  
  34  3:21  Zergling x2  
  34  3:22  Zergling x8  
  39  3:33  Zergling x2  
  42  3:34  Zergling x4  
  38  3:58  Zergling x10  
  38  4:00  Overlord  
  43  4:03  Baneling x4  
  43  4:04  Baneling  
  43  4:06  Baneling  
  43  4:07  Baneling  
  36  4:32  Zergling x2  
  36  4:33  Zergling x10  
  35  4:47  Zergling x2  
  35  4:48  Zergling x8  
  35  5:10  Baneling x5  
  35  5:11  Baneling x3  
  35  5:13  Zergling x6  
  26  5:43  Drone x9  
  26  5:48  Spore Crawler  
  34  6:00  Spore Crawler  
  34  6:03  Lair  
  31  6:40  Hatchery  
  30  6:47  Drone  
  30  6:48  Drone x5  
  30  6:49  Drone x2  
  30  6:51  Extractor  
  30  6:52  Extractor, Zergling x2  
  30  6:53  Zergling x8  
  41  7:02  Spore Crawler  
  41  7:06  Spore Crawler  
  39  7:22  Spire  
  37  7:32  Drone x3  
  37  7:33  Drone x3  
  43  7:56  Drone x6  
  43  7:57  Drone x8  
  57  7:59  Overlord  
  57  8:09  Baneling x5  
  57  8:10  Baneling x3  
Show
View Real Time Build Order
Export as new Build Order

PureLegacy Terran - Winner!

Build Orders:  

Get SALT Encoding   

  12  0:01  SCV  
  13  0:13  SCV  
  14  0:18  Supply Depot  
  14  0:25  SCV  
  15  0:30  Refinery  
  15  0:40  SCV  
  16  0:46  Barracks  
  16  0:52  SCV  
  17  1:03  Barracks  
  17  1:17  Barracks  
  17  1:21  SCV  
  18  1:33  Reaper  
  18  1:39  Orbital Command  
  19  1:47  Refinery  
  19  1:53  Reaper  
  20  2:01  Supply Depot  
  20  2:04  Reaper  
  21  2:09  Reaper  
  21  2:12  SCV  
  23  2:24  SCV  
  23  2:27  Reaper  
  23  2:28  Supply Depot  
  25  2:38  Reaper  
  26  2:51  Reaper  
  27  2:52  SCV  
  28  3:01  Reaper  
  30  3:19  Command Center  
  30  3:21  SCV  
  28  3:38  Barracks Reactor  
  28  3:39  Barracks Tech Lab, Barracks Reactor  
  28  3:40  SCV  
  26  3:42  Factory  
  26  3:49  Bunker  
  26  3:53  SCV  
  27  3:59  Marine, Stimpack  
  28  4:05  SCV  
  29  4:15  Marine x4  
  27  4:39  Marine x4  
  27  4:45  Hellion  
  33  4:46  Marine  
  33  4:52  Orbital Command  
  31  4:59  Orbital Command  
  21  5:13  Marine  
  22  5:29  Barracks  
  22  5:33  Marine x3  
  24  5:37  SCV x2  
  26  5:45  Factory Reactor  
  26  5:48  Supply Depot  
  26  5:49  SCV  
  27  5:53  Starport  
  27  5:54  SCV  
  27  5:55  Marine x3  
  31  6:01  SCV  
  31  6:03  Supply Depot, Combat Shield  
  32  6:06  SCV  
  33  6:13  SCV  
  33  6:16  Marine  
  33  6:17  Marine x4  
  39  6:20  SCV  
  40  6:25  SCV  
  41  6:34  Marine x3  
  41  6:35  Marine x2  
  46  6:42  SCV x2  
  46  6:45  Supply Depot  
  48  6:48  Medivac x2  
  52  6:55  SCV  
  53  7:01  Marine x2  
  53  7:02  Marine x3  
  53  7:04  SCV  
  53  7:07  SCV  
  60  7:16  SCV  
  60  7:17  Supply Depot  
  61  7:29  SCV x2  
  61  7:33  Barracks  
  61  7:34  Barracks  
  61  7:37  Medivac x2  
  61  7:41  SCV x2  
  67  7:46  Supply Depot  
  67  7:51  Supply Depot  
  67  8:04  Marine x4  
  71  8:09  SCV x2  
  71  8:10  Engineering Bay  
  71  8:11  Engineering Bay  
  75  8:23  Barracks Reactor x2  
  77  8:30  SCV x2  
  67  8:34  Refinery  
  67  8:36  Refinery, Supply Depot  
Show
View Real Time Build Order
Export as new Build Order

Chill Terran - Winner!

Build Orders: Mech, Banshee Rush 

Get SALT Encoding   

  12  0:01  SCV  
  13  0:13  SCV  
  14  0:19  Supply Depot  
  14  0:26  Refinery  
  14  0:29  SCV  
  15  0:41  SCV  
  16  0:46  Barracks  
  16  0:53  SCV  
  17  1:05  SCV  
  18  1:17  SCV  
  20  1:35  Factory, Orbital Command  
  20  1:39  Refinery  
  19  1:43  Supply Depot  
  19  1:47  Barracks Reactor  
  19  2:04  SCV  
  20  2:16  SCV  
  21  2:25  Command Center  
  21  2:29  Factory Tech Lab  
  21  2:31  SCV  
  21  2:34  Marine  
  21  2:36  Marine  
  24  2:48  Starport  
  24  2:54  SCV  
  24  2:58  Siege Tank  
  28  3:06  SCV  
  28  3:11  Marine x2  
  31  3:23  Supply Depot  
  31  3:25  Starport Tech Lab  
  31  3:36  SCV  
  31  3:37  Orbital Command  
  31  3:41  Siege Tank  
  35  3:45  Cloaking Field  
  35  3:48  SCV  
  36  3:58  Banshee  
  36  3:59  Marine  
  36  4:01  SCV  
  36  4:02  SCV  
  42  4:12  Marine  
  43  4:17  Marine  
  40  4:32  Marine  
  40  4:35  Hellion, SCV  
  40  4:39  SCV  
  40  4:41  Banshee  
  44  4:47  SCV  
  44  4:51  SCV  
  44  4:52  Marine x2  
  46  4:56  Hellion  
  48  5:04  SCV  
  46  5:19  Hellion  
  46  5:20  SCV  
  49  5:24  Barracks  
  49  5:25  Barracks x2  
  49  5:35  SCV  
  46  5:45  Supply Depot  
  46  5:51  Factory x2  
  46  5:56  Banshee  
  50  5:57  Marine, SCV  
  50  5:58  Supply Depot x2  
  50  6:00  SCV  
  52  6:04  Refinery  
  52  6:09  SCV  
  53  6:12  SCV  
  53  6:15  Marine  
  55  6:21  SCV  
  56  6:31  Armory  
  56  6:35  SCV  
  56  6:39  Banshee  
  59  6:49  SCV  
  59  6:50  Factory Tech Lab  
  59  6:53  Marine  
  61  7:00  SCV  
  62  7:02  Factory Tech Lab  
  62  7:04  Command Center  
  62  7:18  Thor x2  
  62  7:20  Barracks Tech Lab  
  62  7:22  Marine  
  75  7:33  SCV  
  76  7:46  Supply Depot  
  76  7:47  Supply Depot  
  76  7:49  SCV  
  76  7:50  Barracks Reactor  
  77  7:52  Marine  
  77  7:55  Barracks Reactor  
  77  7:56  Supply Depot  
  78  8:07  Marine  
  78  8:08  SCV  
  78  8:12  Marine  
  86  8:16  Engineering Bay  
  87  8:20  Marine  
  87  8:25  Marine  
  89  8:29  SCV x2  
Tags
 
Add a new tag
Caveats
  • Supply blocks, unpowered buildings, or Contaminate may cause inaccurate times.
  • Supply counts are checked every 10 seconds.